 Dungeon Crawl Stone Soup version 0.23-a0-419-g0174fd8 (webtiles) character file.

2597 George the Carver (level 9, -5/75 HPs)
             Began as a Minotaur Fighter on Nov 11, 2018.
             Was a Follower of the Shining One.
             Slain by a manticore (9 damage)
             ... on level 7 of the Dungeon.
             The game lasted 00:09:06 (5045 turns).

George the Carver (Minotaur Fighter)                Turns: 5045, Time: 00:09:06

Health: -5/75      AC: 24    Str: 25    XL:     9   Next: 33%
Magic:  10/10      EV:  6    Int:  5    God:    the Shining One [*.....]
Gold:   331        SH: 10    Dex: 11    Spells: 8/8 levels left

rFire    . . .     SeeInvis .   a - +0 long sword
rCold    . . .     Gourm    .   c - +0 shield
rNeg     . . .     Faith    .   w - +9 plate armour {ponderous}
rPois    .         Spirit   .   (helmet restricted)
rElec    .         Reflect  .   r - +0 cloak
rCorr    .         Harm     +   x - +0 pair of gloves
MR       .....                  (no boots)
Stlth    ..........             B - amulet of harm
HPRegen  0.22/turn              i - +2 ring of strength
MPRegen  0.12/turn              (no ring)

@: glowing, slow
A: retaliatory headbutt, horns 2
a: Renounce Religion


You were on level 7 of the Dungeon.
You worshipped the Shining One.
The Shining One was aware of your devotion.
You were not hungry.

You visited 2 branches of the dungeon, and saw 8 of its levels.

You collected 331 gold pieces.

Inventory:

Hand Weapons
 a - a +0 long sword (weapon)
 A - a +0 rapier
Armour
 c - a +0 shield (worn)
 r - a +0 cloak (worn)
 w - a +9 plate armour of ponderousness (worn)
 x - a +0 pair of gloves (worn)
Jewellery
 i - a +2 ring of strength (left hand)
 B - an amulet of harm (around neck)
Scrolls
 g - 2 scrolls of remove curse
 j - a scroll of teleportation
 l - a scroll of identify {unknown}
 q - 2 scrolls of fog {unknown}
 t - a scroll of enchant weapon {unknown}
 y - a scroll of blinking {unknown}
 z - 2 scrolls of amnesia {unknown}
Potions
 b - a potion of agility {unknown}
 d - a potion of might
 h - 4 potions of flight {unknown}
 m - 5 potions of curing {unknown}
 n - 2 potions of magic {unknown}
 o - 2 potions of brilliance {unknown}
 p - 3 potions of haste {unknown}
 s - 2 potions of mutation {unknown}
 u - a potion of heal wounds {unknown}
 C - 2 potions of cancellation {unknown}
 D - a potion of lignification {unknown}
Comestibles
 f - 6 rations
 v - 2 chunks of flesh


   Skills:
 + Level 5.7 Fighting
 + Level 11.7 Long Blades
 + Level 5.6 Armour
 + Level 3.7 Dodging
 + Level 5.5 Shields
 + Level 3.2 Invocations


You had 8 spell levels left.
You didn't know any spells.
Your spell library was empty.

Dungeon Overview and Level Annotations

Branches:
Dungeon (7/15)             Temple (1/1) D:5

Altars:
Dithmenos
Elyvilon
Gozag
Qazlal
Ru
Sif Muna
Uskayaw
Vehumet
Wu Jian
Xom
Zin
The Shining One

Shops:
D:4 }   D:6 *

Portals:
Ossuary: D:7


Innate Abilities, Weirdness & Mutations

You reflexively headbutt those who attack you in melee.
You have a pair of horns on your head.


Message History

The manticore bites you but does no damage.
You block the manticore's attack.
The manticore claws you but does no damage.
You slash the manticore!
The manticore is severely wounded.
You block the manticore's attack.
The manticore claws you but does no damage. x2
You hit the manticore but do no damage.
The manticore is severely wounded.
You block the manticore's attack.
The manticore claws you but does no damage.
The manticore claws you.
* * * LOW HITPOINT WARNING * * *
You hit the manticore but do no damage. Your headbutt misses the manticore.
The manticore is severely wounded.
You hit the manticore.
You headbutt the manticore, but do no damage.
The manticore is severely wounded.
The manticore barely misses you. The manticore claws you!
You die...

*********,,,,,*,,,,,,,,,,,,,,,,,,
*,,,,,*,,,,,,,,,,,,,,,,,, ##*
**.#***,,,,,,,,,,,,,,,,,,
..########.# *,,,,,,,,,,,,,,,,,,
...........# *****#+#,,,,,,,,,,,
...........##****##..#,,,,,,,,,,,
............),,,,...,,,,,,,,,,,,,
..........##*+*##H##*+***,,,,,,,,
#..........##,##@..##,**,,,,,,,,,
#...........###.....##*,,*,,,,,,,
#............#.....?.#,,**,,,,,,,
#..........#..###'###..#**,,,,,,,
#..............#*∩#*,,## ********
#..........#....###,,,*******
#..........####..#,,,,,,,,,,*
#..........# *#...********,*
#..........# *#.## *,* ***


You could see a manticore.

Vanquished Creatures
  Pikel (D:6)
  Grinder (D:4)
  A hungry ghost (D:6)
  Menkaure (D:4)
  Duvessa (D:6)
  A sky beast (D:5)
  An orc warrior (D:6)
  4 slaves (D:6)
  2 centaurs
  Blork the orc (D:4)
  3 bullfrogs
  A wyvern zombie (D:7)
  Dowan (D:6)
  2 howler monkeys (D:6)
  5 crimson imps
  A hound (D:6)
  3 orc priests
  3 orc wizards
  Jessica (D:3)
  3 iguanas
  3 worker ants
  A killer bee zombie (D:6)
  A hound zombie (D:5)
  A hound skeleton (D:4)
  A mummy (D:7)
  8 adders
  An ooze (D:1)
  2 adder skeletons
  An adder zombie (D:7)
  A dart slug (D:4)
  3 leopard geckos
  11 orcs
  13 bats
  6 giant cockroaches
  9 goblins
  17 hobgoblins
  14 jackals
  7 kobolds
  8 quokkas
  2 ball pythons
  3 frilled lizards
  7 rats
157 creatures vanquished.

Notes
Turn   | Place    | Note
-------+----------+-------------------------------------------
     0 | D:1      | George the Minotaur Fighter began the quest for the Orb.
     0 | D:1      | Reached XP level 1. HP: 19/19 MP: 0/0
    40 | D:1      | Reached skill level 3 in Long Blades
    42 | D:1      | Reached XP level 2. HP: 25/26 MP: 1/1
   125 | D:1      | Reached skill level 4 in Long Blades
   252 | D:1      | Reached XP level 3. HP: 23/31 MP: 2/2
   791 | D:2      | Reached skill level 5 in Long Blades
  1597 | D:3      | Noticed a bullfrog
  1601 | D:3      | Killed a bullfrog
  1601 | D:3      | Reached skill level 6 in Long Blades
  1601 | D:3      | Reached XP level 4. HP: 33/39 MP: 3/3
  1676 | D:3      | Reached XP level 5. HP: 45/45 MP: 4/4
  1797 | D:3      | Reached skill level 7 in Long Blades
  2258 | D:3      | Noticed Jessica
  2263 | D:3      | Killed Jessica
  2263 | D:3      | Reached XP level 6. HP: 34/51 MP: 5/5
  2448 | D:4      | Found Jafuthou's Gadget Shop.
  2494 | D:4      | Noticed Grinder
  2505 | D:4      | Reached skill level 8 in Long Blades
  2513 | D:4      | Paralysed by Grinder for 5 turns
  2531 | D:4      | Paralysed by Grinder for 3 turns
  2539 | D:4      | Killed Grinder
  2539 | D:4      | Reached skill level 9 in Long Blades
  2752 | D:4      | Reached XP level 7. HP: 50/57 MP: 6/6
  2785 | D:4      | Noticed Blork the orc
  2793 | D:4      | Killed Blork the orc
  2986 | D:4      | Noticed Menkaure
  2999 | D:4      | Killed Menkaure
  2999 | D:4      | Reached skill level 10 in Long Blades
  3349 | D:5      | Entered Level 5 of the Dungeon
  3546 | D:5      | Found a white marble altar of Elyvilon.
  3587 | D:5      | Reached skill level 11 in Long Blades
  3671 | D:5      | Found a staircase to the Ecumenical Temple.
  3821 | Temple   | Entered the Ecumenical Temple
  3918 | Temple   | Became a worshipper of the Shining One
  4030 | D:6      | Reached XP level 8. HP: 66/66 MP: 7/7
  4227 | D:6      | Reached skill level 1 in Dodging
  4231 | D:6      | Reached skill level 1 in Invocations
  4391 | D:6      | Reached skill level 5 in Fighting
  4546 | D:6      | Noticed Pikel
  4588 | D:6      | Killed Pikel
  4588 | D:6      | Reached skill level 5 in Armour
  4588 | D:6      | Reached skill level 5 in Shields
  4588 | D:6      | Reached XP level 9. HP: 74/74 MP: 8/10
  4593 | D:6      | Found Utomazah's Elemental Accessories.
  4616 | D:6      | Noticed Dowan
  4617 | D:6      | Noticed Duvessa
  4617 | D:6      | Reached * piety under the Shining One
  4633 | D:6      | Killed Duvessa
  4635 | D:6      | Killed Dowan
  4859 | D:6      | Found a white marble altar of Elyvilon.
  4859 | D:6      | Found a hide-covered altar of Uskayaw.
  4860 | D:6      | Found a radiant altar of Vehumet.
  5028 | D:7      | Found a sand-covered staircase.
  5029 | D:7      | Noticed a manticore
  5045 | D:7      | Slain by a manticore

Vault maps used:
D:1:      minmay_arrival_stone_box, serial_forest, infiniplex_forest_clump_long,
          infiniplex_forest_straight_2, infiniplex_forest_clump_small,
          infiniplex_forest_straight_2, infiniplex_forest_lined_room_,
          infiniplex_forest_clump_long, minmay_distorted
D:2:      serial_bayou_lagoon_a, palyth_stone_intersect, grunt_decor_resistance
D:3:      first_ration, kennysheep_jessica_study
D:4:      serial_shops, shop, grunt_tough_drop, uniq_menkaure, uniq_grinder,
          uniq_blork_the_orc
D:5:      temple_hall, kennysheep_small_circle
D:6:      minmay_diamond_boxcup, chequers_temple_overflow_statue_of_worship,
          nicolae_elemental_shop, uniq_duvessa, uniq_pikel
D:7:      amethyst_overflow_temple_binary, nicolae_ossuary_entry_giza,
          the_bakery
Temple:   compressed_dpeg_triangle_lava_temple

Skill      XL: |  1  2  3  4  5  6  7  8  9 |
---------------+----------------------------+-----
Long Blades    | 3 4 6 7 9 11 | 11.7
Fighting       | 5 |  5.7
Dodging        | 3 |  3.7
Shields        | 5 |  5.5
Armour         | 5 |  5.6
Invocations    | 2 3 |  3.2

Action                   |  1- 3 |  4- 6 |  7- 9 || total
-------------------------+-------+-------+-------++-------
Melee: Long sword        |   105 |   143 |   248 ||   496
       Headbutt          |    14 |    17 |    58 ||    89
Evoke: Wand              |       |       |     1 ||     1
  Use: Scroll            |       |       |     4 ||     4
  Eat: Chunk             |     1 |     5 |    11 ||    17
Armor: Scale mail        |    40 |    34 |       ||    74
       Plate armour      |       |    44 |   136 ||   180
Dodge: Dodged            |    54 |    25 |    30 ||   109
Block: Shield            |    70 |    54 |   104 ||   228
       Rpst.: Long sword |    15 |     5 |     9 ||    29

Table legend:
 A = Non-vault XP
 B = Vault XP
 C = Vault XP percentage of total XP
 D = Non-vault monster count
 E = Vault monster count
 F = Vault count percentage of total count
                 A         B        C        D         E       F
            +---------+---------+-------+---------+---------+-------
      Total |    1907 |    1804 |  48.6 |     134 |      19 |  12.4
            +---------+---------+-------+---------+---------+-------
        D:1 |      54 |       4 |   6.9 |      28 |       3 |   9.7
        D:2 |      36 |       0 |   0.0 |      13 |       0 |   0.0
        D:3 |     278 |      39 |  12.3 |      37 |       2 |   5.1
        D:4 |      85 |     551 |  86.6 |      16 |       4 |  20.0
        D:5 |     462 |      39 |   7.8 |      13 |       1 |   7.1
        D:6 |     847 |    1153 |  57.7 |      22 |       8 |  26.7
        D:7 |     145 |      18 |  11.0 |       5 |       1 |  16.7
            +---------+---------+-------+---------+---------+-------
